 Dungeon Crawl Stone Soup version 0.25-a0-513-ge77a69270c (webtiles) character file.

Game seed: 17568693206329381069, levelgen mode: deterministic

6 vurker the Gusty (level 1, -1/7 HPs)
             Began as a Felid Air Elementalist on Feb 16, 2020.
             Slain by a jackal (2 damage)
             ... on level 1 of the Dungeon.
             The game lasted 00:00:58 (338 turns).

vurker the Gusty (Felid Air Elementalist)            Turns: 338, Time: 00:00:59

Health: -1/7       AC:  1    Str:  4    XL:     1   Next: 75%
Magic:  0/4        EV: 18    Int: 16    God:
Gold:   24         SH:  0    Dex: 16    Spells: 3/4 levels left
                                        Lives:  0   Deaths: 0

rFire    . . .     SeeInvis +   (weapon unavailable)
rCold    . . .     Gourm    .   (shield unavailable)
rNeg     . . .     Faith    .   (armour unavailable)
rPois    .         Spirit   .   (helmet unavailable)
rElec    .         Reflect  .   (cloak unavailable)
rCorr    .         Harm     .   (gloves unavailable)
MR       .....                  (boots unavailable)
Stlth    +++.......             (no amulet)
HPRegen  0.02/turn              (no ring)
MPRegen  0.09/turn              (no ring)

@: very slightly contaminated, quick
A: very small, no armour, no weapons or thrown items, stealth, claws 1, fangs 3,
see invisible, carnivore, speed 1, shaggy fur 1, slow metabolism 1, sharp paws
a: no special abilities


You were on level 1 of the Dungeon.
You were completely stuffed.

You visited 1 branch of the dungeon, and saw 1 of its levels.

You collected 24 gold pieces.

Inventory:

Scrolls
 a - 2 scrolls of identify {unknown}
Potions
 b - a potion of curing {unknown}
Comestibles
 c - 2 chunks of flesh
 e - 2 rations


   Skills:
 + Level 0.1 Fighting
 - Level 2.6 Dodging
 - Level 2.6 Stealth
 * Level 2.1 Spellcasting
 * Level 1.1 Conjurations
 * Level 2.8 Air Magic


You had 3 spell levels left.
You knew the following spells:

 Your Spells              Type           Power        Failure   Level  Hunger
a - Shock                 Conj/Air       #...         9%          1    #......

Your spell library contained the following spells:

 Spells                   Type           Power        Failure   Level  Hunger
 Swiftness                Chrm/Air       #.......     17%         2    ###....
 Static Discharge         Conj/Air       #.......     26%         3    ###....
 Airstrike                Air            ##........   54%         4    #####..
 Lightning Bolt           Conj/Air       #.........   94%         5    ######.


Dungeon Overview and Level Annotations

Branches:
Dungeon (1/15)

Altars:


Innate Abilities, Weirdness & Mutations

You cannot wear armour.
You are incapable of wielding weapons or throwing items.
Your paws allow you to move quietly. (Stealth)
You have sharp claws.
You have razor-sharp teeth.
You have supernaturally acute eyesight. (SInv)
You are carnivorous and can eat meat at any time.
You cover ground quickly.
You are covered in fur. (AC +1)
You have a slow metabolism.
Your sharp claws are effective at attacking unaware monsters.


Message History

a - 2 scrolls labeled GUUTING XOLIS (gained 1)
You butcher the giant cockroach corpse.
c - 2 chunks of flesh A jackal comes into view.
A jackal is nearby!
A jackal is nearby!
A jackal is nearby!
Aim: a jackal (resting)
The zap hits the jackal.
The jackal barks!
Aim: a jackal (lightly wounded)
The zap hits the jackal.
Aim: a jackal (moderately wounded)
The zap hits the jackal.
You kill the jackal!
A jackal comes into view.
Aim: a jackal (hasn't noticed you)
The zap hits the jackal but does no damage.
The jackal barks!
A jackal comes into view.
You don't have enough magic to cast that spell.
A rat comes into view.
A jackal comes into view.
The rat moves out of view.
You miss the jackal. The jackal bites you. The jackal completely misses you.
The jackal misses you. The jackal barely misses you.
Aim: a jackal The zap misses the jackal. x2; The jackal misses you.
You don't have enough magic to cast that spell.
The jackal completely misses you.
You scratch the jackal. The jackal bites you.
You closely miss the jackal. The jackal barely misses you. x2
You scratch the jackal. The jackal misses you.
You scratch the jackal but do no damage.
The jackal misses you. The jackal completely misses you.
Aim: a jackal (heavily wounded)
You miscast Shock.
You are very lightly contaminated with residual magic.
Your skin tingles.
The jackal completely misses you.
You scratch the jackal. Your bite misses the jackal. The jackal bites you.
* * * LOW HITPOINT WARNING * * *
You barely miss the jackal. The jackal bites you.
* * * LOW HITPOINT WARNING * * *
The jackal bites you but does no damage.
You barely miss the jackal. The jackal bites you.
* * * LOW HITPOINT WARNING * * *
You don't have enough magic to cast that spell.
You barely miss the jackal. The jackal completely misses you.
The jackal bites you.
You die...

####...#............
#.............).....
#.##..#...........#.
#.##..##.##.........
#.....h...#.#.......
##...###...#.#.......
#####...##
##...........
........####...#.......
.#####..@hhh.........
#...†.####.........
......## ####...#..
##...# ...... ##..
....## ##. ###.# .. .#


You could see 3 jackals.

Vanquished Creatures
  A giant cockroach (D:1)
  2 hobgoblins (D:1)
  A jackal (D:1)
  A frilled lizard (D:1)
5 creatures vanquished.

Notes
Turn   | Place    | Note
-------+----------+-------------------------------------------
     0 | D:1      | vurker the Felid Air Elementalist began the quest for the
                  | Orb.
     0 | D:1      | Reached XP level 1. HP: 7/7 MP: 4/4
    47 | D:1      | Reached skill level 1 in Conjurations
   338 | D:1      | Slain by a jackal

Levels and vault maps discovered:
D:1:      minmay_arrival_split_and_join, layout_rooms, minmay_rat_gold_closets

Skill      XL: |  1 |
---------------+----+-----
Conjurations   | 1 |  1.1
Fighting       | |  0.1
Dodging        | |  2.6
Stealth        | |  2.6
Spellcasting   | |  2.1
Air Magic      | |  2.8

Action                   || total
-------------------------++-------
Melee: Unarmed           ||     9
 Cast: Shock             ||    12
  Eat: Chunk             ||     6
Armor: Skin              ||     1
Dodge: Dodged            ||    17

Table legend:
 A = Non-vault XP
 B = Vault XP
 C = Vault XP percentage of total XP
 D = Non-vault monster count
 E = Vault monster count
 F = Vault count percentage of total count
                 A         B        C        D         E       F
            +---------+---------+-------+---------+---------+-------
      Total |       9 |       0 |   0.0 |       5 |       0 |   0.0
            +---------+---------+-------+---------+---------+-------
        D:1 |       9 |       0 |   0.0 |       5 |       0 |   0.0
            +---------+---------+-------+---------+---------+-------
